 Dungeon Crawl Stone Soup version 0.30.0-29-ga12c61a403 (webtiles) character file.

Game seed: 16236341914178445687

2 monsoonserge the Charlatan (level 1, -1/9 HPs)
             Began as a Spriggan Artificer on June 4, 2023.
             Slain by a goblin
             ... wielding a +0 club
              (3 damage)
             ... on level 1 of the Dungeon.
             The game lasted 00:00:33 (108 turns).

monsoonserge the Charlatan (Spriggan Artificer)      Turns: 108, Time: 00:00:33

Health: -1/9       AC:  2    Str:  8    XL:     1   Next: 33%
Magic:  2/2        EV: 17    Int: 12    God:
Gold:   0          SH:  0    Dex: 15    Spells: 0/0 levels left

rFire   . . .        a - +0 club
rCold   . . .        (no shield)
rNeg    . . .        b - +0 robe
rPois   .            (helmet restricted)
rElec   .            (no cloak)
rCorr   +            (gloves unavailable)
SInv    +            (boots unavailable)
Will    .....        (no amulet)
Stlth   ++           g - ring of resist corrosion
HPRegen 0.21/turn    (no ring)
MPRegen 0.08/turn

%: no passive effects
@: very quick
A: very small, no large weapons, unfitting armour, see invisible, speed 3
a: no special abilities


You were on level 1 of the Dungeon.
You visited 1 branch of the dungeon, and saw 1 of its levels.

Inventory:

Hand Weapons
 a - a +0 club (weapon)
Missiles
 f - a stone
Armour
 b - a +0 robe (worn)
Jewellery
 g - a ring of resist corrosion (left hand)
Wands
 c - a wand of flame (15) (quivered)
 d - a wand of charming (15)
 e - a wand of iceblast (5)


   Skills:
 + Level 0.7 Fighting
 + Level 3.3 Dodging
 + Level 1.5 Stealth
 + Level 4.1 Evocations


You couldn't memorise any spells.
You didn't know any spells.
Your spell library was empty.

Dungeon Overview and Level Annotations

Branches:
Dungeon (1/15)

Altars:


Innate Abilities, Weirdness & Mutations

You are very small and have problems with some larger weapons.
You are too small for most types of armour.
You have supernaturally acute eyesight. (SInv)
You cover ground extremely quickly. (Speed+++)


Message History

You kill the endoplasm!
You start resting.
HP restored.
A quokka comes into view.
You closely miss the quokka. The quokka closely misses you.
You hit the quokka but do no damage. The quokka bites you.
The quokka closely misses you.
You closely miss the quokka. The quokka bites you.
Ouch! That really hurt!
* * * LOW HITPOINT WARNING * * *
You hit the quokka but do no damage. The quokka barely misses you.
The quokka completely misses you.
Unknown command.
You see here a stone.
f - a stone A goblin comes into view. It is wielding a +0 club.
Found a brass ring.
The goblin shouts!
You see here a ring of resist corrosion.
g - a ring of resist corrosion A quokka comes into view.
g - a ring of resist corrosion (left hand)
The quokka bites you.
You miss the quokka. The quokka misses you. The quokka bites you.
You hit the quokka.
The quokka is almost dead.
The quokka completely misses you.
You closely miss the quokka.
The quokka is almost dead.
The quokka bites you.
* * * LOW HITPOINT WARNING * * *
The quokka barely misses you.
You hit the quokka.
You kill the quokka!
The goblin completely misses you.
You closely miss the goblin. The goblin closely misses you.
You barely miss the goblin. The goblin misses you.
You closely miss the goblin. The goblin hits you but does no damage.
The goblin hits you with a +0 club.
You die...

#..................
#.................. .
.........r....######.#
######..###..r.......#
##..#.###...........
#####
#..........#..#...#
8...###..........#..#
...
<.8..##..g....####..####
.....8#.......#.@g.....#
...8..........#.######.#
.....8#.......#...# #
..8..##...#########
8...###...# ..# #####
#...# .### ##..# #. ###g
# ..


You could see a goblin.

Vanquished Creatures
  An endoplasm (D:1)
  A quokka (D:1)
2 creatures vanquished.

Notes
Turn   | Place    | Note
-------+----------+-------------------------------------------
     0 | D:1      | monsoonserge the Spriggan Artificer began the quest for the
                  | Orb.
     0 | D:1      | Reached XP level 1. HP: 9/9 MP: 2/2
   108 | D:1      | Slain by a goblin

Illustrated notes

Levels and vault maps discovered:
D:1:      erik_arrival_orb_chamber, layout_basic, serial_shops,
          nicolae_shop_statue_plus, bh_walls_and_bars

Action                     || total
---------------------------++-------
  Melee: Club              ||    16
 Armour: Robe              ||     2
  Dodge: Dodged            ||    12
